 Dungeon Crawl Stone Soup version 0.23-a0-175-g97aacdb (webtiles) character file.

281 andthrax the Sneak (level 6, 0/36 HPs)
             Began as an Octopode Enchanter on Sept 16, 2018.
             Slain by an orc
             ... wielding a +0 trident
              (11 damage)
             ... on level 3 of the Dungeon.
             The game lasted 01:11:13 (3501 turns).

andthrax the Sneak (Octopode Enchanter)             Turns: 3501, Time: 01:11:13

Health: 0/36       AC:  1    Str:  7    XL:     6   Next: 27%
Magic:  7/12       EV: 13    Int: 18    God:
Gold:   115        SH:  0    Dex: 14    Spells: 4/13 levels left

rFire    . . .     SeeInvis .   d - +0 dagger (venom)
rCold    . . .     Gourm    .   (no shield)
rNeg     . . .     Faith    .   (helmet restricted)
rPois    +         Spirit   .   (no amulet)
rElec    .         Reflect  .   l - ring of poison resistance
rCorr    .         Harm     .   (no ring)
MR       .....                  (no ring)
Stlth    ++++......             (no ring)
HPRegen  0.12/turn              (no ring)
MPRegen  0.13/turn              (no ring)
                                (no ring)
                                (no ring)

@: no status effects
A: almost no armour, stealthy swim, amphibious, 8 rings, constrict 8, camouflage
1, gelatinous body 1
a: no special abilities


You were on level 3 of the Dungeon.
You were not hungry.

You visited 1 branch of the dungeon, and saw 3 of its levels.

You collected 115 gold pieces.

Inventory:

Hand Weapons
 a - a +1 dagger
 d - a +0 dagger of venom (weapon)
Jewellery
 l - a ring of poison resistance (left tentacle)
Wands
 h - a wand of enslavement (14)
 i - a wand of flame (14)
Scrolls
 b - a scroll of fear
 e - 4 scrolls of teleportation
 f - a scroll of blinking {unknown}
 g - a scroll of immolation {unknown}
 k - a scroll of magic mapping {unknown}
 m - a scroll of remove curse {unknown}
 n - a scroll of noise {unknown}
 p - a scroll of enchant armour {unknown}
Potions
 j - a potion of flight
 q - a potion of resistance {unknown}
Comestibles
 c - 5 rations
 o - 3 chunks of flesh


   Skills:
 - Level 1.5 Short Blades
 - Level 2.0 Dodging
 + Level 5.2 Stealth
 * Level 4.0 Spellcasting
 * Level 4.8 Hexes


You had 4 spell levels left.
You knew the following spells:

 Your Spells              Type           Power        Failure   Level  Hunger
a - Corona                Hex            ###....      1%          1    None
b - Ensorcelled Hibernat  Hex/Ice        ##....       9%          2    ##.....
c - Confuse               Hex            ###.....     6%          3    ###....
d - Dazzling Spray        Conj/Hex       ##....       16%         3    ###....

Your spell library contained the following spells:

 Spells                   Type           Power        Failure   Level  Hunger
 Tukima's Dance           Hex            ###.....     6%          3    ###....


Dungeon Overview and Level Annotations

Branches:
Dungeon (3/15)

Altars:
Elyvilon
Ru


Innate Abilities, Weirdness & Mutations

You cannot wear most types of armour.
You are very stealthy in the water. (Stealth+)
You are amphibious.
You can wear up to eight rings at the same time.
You can use your tentacles to constrict eight enemies at once.
Your skin changes colour to match your surroundings (Stealth+).
Your rubbery body absorbs attacks. (AC +1, EV +1)


Message History

The orc hits you with a flail.
You hit the orc.
The orc is poisoned.
You grab the orc.
The orc is lightly wounded.
You constrict the orc.
The orc hits you from afar with a trident.
The orc barely misses you.
Casting: Ensorcelled Hibernation (safe; 9% risk of failure)
Confirm with . or Enter, or press ? or * to list all spells.
Aiming: Ensorcelled Hibernation (safe; 9% risk of failure)
Press: ? - help, Shift-Dir - straight line, f - orc
Aim: an orc, wielding a flail (moderately wounded, constricted by you, The orc resists with significant effort.
You constrict the orc. The orc completely misses you.
The orc hits you with a flail.
You hit the orc.
The orc looks even sicker.
Your squeeze misses the orc.
The orc is almost dead.
You constrict the orc.
You kill the orc!
The orc hits you from afar with a trident!
You die...

#.........##.# ##
#.#######.##.# .## #.
#.##.# .(##
#.#######.##.########
...##
#...................#
....#
#o.##.##..##.######.#
...# #..##. #..#...##
...# .....o##.......#
...# #.....)@..#...##
#..# ##.#####.###.##
#..# #. #.# #.# #..#
# ..# #.# ...#
######+## ...# #..<#
#### #.....#
#.......# ####
#.........#


You could see an orc.

Vanquished Creatures
  Sigmund (D:2)
  Ijyb (D:3)
  Robin (D:2)
  2 adders
  2 dart slugs
  2 leopard geckos
  6 orcs (D:3)
  5 bats
  3 giant cockroaches
  15 goblins
  7 hobgoblins
  8 kobolds
  7 frilled lizards
  A leopard gecko zombie (D:3)
  7 rats
68 creatures vanquished.

Notes
Turn   | Place    | Note
-------+----------+-------------------------------------------
     0 | D:1      | andthrax the Octopode Enchanter began the quest for the
                  | Orb.
     0 | D:1      | Reached XP level 1. HP: 11/11 MP: 3/3
   290 | D:1      | Reached XP level 2. HP: 16/17 MP: 5/5
   299 | D:1      | Learned a level 2 spell: Ensorcelled Hibernation
   563 | D:1      | Reached XP level 3. HP: 21/21 MP: 1/6
  1860 | D:2      | Noticed Robin
  1949 | D:2      | Noticed Sigmund
  2306 | D:2      | Killed Sigmund
  2306 | D:2      | Reached skill level 5 in Stealth
  2306 | D:2      | Reached XP level 4. HP: 16/27 MP: 3/9
  2306 | D:2      | Reached XP level 5. HP: 19/31 MP: 3/10
  2363 | D:2      | Learned a level 3 spell: Confuse
  2367 | D:2      | Learned a level 3 spell: Dazzling Spray
  2425 | D:2      | Killed Robin
  2443 | D:2      | Reached XP level 6. HP: 13/36 MP: 1/11
  2872 | D:2      | Found a sacrificial altar of Ru.
  3020 | D:3      | Found a white marble altar of Elyvilon.
  3364 | D:3      | Noticed Ijyb
  3372 | D:3      | Killed Ijyb
  3501 | D:3      | Slain by an orc

Vault maps used:
D:1:      ncdulo_smallfort
D:2:      lemuel_crystal_altar, minmay_misc_feat_plants, grunt_ministairs_12,
          minmay_tromino_v4_c, uniq_robin, uniq_sigmund
D:3:      nicolae_overflow_hidden_temple, uniq_ijyb

Skill      XL: |  1  2  3  4  5  6 |
---------------+-------------------+-----
Stealth        | 5 |  5.2
Spellcasting   | 3 4 |  4.0
Hexes          | 4 |  4.8
Short Blades   | |  1.5
Dodging        | |  2.0

Action                   |  1- 3 |  4- 6 || total
-------------------------+-------+-------++-------
Melee: Dagger            |    81 |    49 ||   130
       Constrict         |    20 |    11 ||    31
       Tentacles         |    14 |     4 ||    18
 Cast: Ensorcelled Hiber |    18 |    11 ||    29
       Dazzling Spray    |       |     1 ||     1
       Confuse           |       |     2 ||     2
  Use: Potion            |     1 |     2 ||     3
       Scroll            |       |     5 ||     5
 Stab: Sleeping          |    17 |     9 ||    26
  Eat: Chunk             |     2 |     2 ||     4
       Ration            |     1 |     1 ||     2
Armor: Skin              |     3 |     3 ||     6
Dodge: Dodged            |    39 |    32 ||    71

Table legend:
 A = Non-vault XP
 B = Vault XP
 C = Vault XP percentage of total XP
 D = Non-vault monster count
 E = Vault monster count
 F = Vault count percentage of total count
                 A         B        C        D         E       F
            +---------+---------+-------+---------+---------+-------
      Total |     119 |     283 |  70.4 |      52 |      16 |  23.5
            +---------+---------+-------+---------+---------+-------
        D:1 |      47 |       0 |   0.0 |      27 |       0 |   0.0
        D:2 |      28 |     248 |  89.9 |      10 |      15 |  60.0
        D:3 |      44 |      35 |  44.3 |      15 |       1 |   6.2
            +---------+---------+-------+---------+---------+-------
